 Dungeon Crawl Stone Soup version 0.25.0-1-g7eea58d2a3 (webtiles) character file.

Game seed: 12964662857735007980

105 gruber the Covered (level 4, -1/39 HPs)
             Began as a Minotaur Fighter on June 14, 2020.
             Slain by a rat (3 damage)
             ... on level 3 of the Dungeon.
             The game lasted 00:01:19 (2228 turns).

gruber the Covered (Minotaur Fighter)               Turns: 2228, Time: 00:01:20

Health: -1/39      AC:  8    Str: 24    XL:     4   Next: 53%
Magic:  3/3        EV:  7    Int:  7    God:
Gold:   92         SH:  9    Dex:  9    Spells: 3/3 levels left

rFire    . . .     SeeInvis .   a - +0 flail
rCold    . . .     Gourm    .   c - +0 kite shield
rNeg     . . .     Faith    .   b - +0 scale mail
rPois    .         Spirit   .   (helmet restricted)
rElec    .         Reflect  .   (no cloak)
rCorr    .         Harm     .   (no gloves)
MR       .....                  (no boots)
Stlth    ..........             (no amulet)
HPRegen  0.13/turn              (no ring)
MPRegen  0.08/turn              (no ring)

@: lethally poisoned (-1 -> -13)
A: retaliatory headbutt, horns 2, clever 1, shaggy fur 1, strong 1
a: no special abilities


You were on level 3 of the Dungeon.
You were not hungry.

You visited 1 branch of the dungeon, and saw 3 of its levels.

You collected 92 gold pieces.

Inventory:

Hand Weapons
 a - a +0 flail (weapon)
Armour
 b - a +0 scale mail (worn)
 c - a +0 kite shield (worn)
Scrolls
 g - a scroll of identify {unknown}
 h - a scroll of teleportation {unknown}
 l - 2 scrolls of immolation {unknown}
 m - a scroll of remove curse {unknown}
 n - a scroll of enchant armour {unknown}
 q - a scroll of fear {unknown}
Potions
 d - a potion of might
 e - a potion of mutation
 i - 2 potions of degeneration {unknown}
 j - a potion of heal wounds {unknown}
 k - a potion of berserk rage {unknown}
 o - a potion of flight {unknown}
Comestibles
 f - 6 rations


   Skills:
 - Level 3.6 Fighting
 - Level 2.4 Maces & Flails
 + Level 6.5 Armour
 - Level 3.6 Shields


You had 3 spell levels left.
You didn't know any spells.
Your spell library was empty.

Dungeon Overview and Level Annotations

Branches:
Dungeon (3/15)

Altars:
Nemelex Xobeh


Innate Abilities, Weirdness & Mutations

You reflexively headbutt those who attack you in melee.
You have a pair of horns on your head.
Your mind is acute. (Int +2)
You are covered in fur. (AC +1)
Your muscles are strong. (Str +2)


Message History

The adder is almost dead.
You feel sick. The adder bites you.
* * * LOW HITPOINT WARNING * * *
You are more poisoned.
The adder poisons you! You block the rat's attack.
The adder bites you but does no damage.
Unknown command.
You closely miss the adder. Your headbutt misses the adder.
The adder is almost dead.
* * * LOW HITPOINT WARNING * * *
You feel sick. The adder bites you.
* * * LOW HITPOINT WARNING * * *
You are more poisoned.
The adder poisons you! You block the rat's attack.
The adder bites you but does no damage.
It was a potion of mutation.
You feel extremely strange. Fur sprouts all over your body.
You feel stronger.
You feel clever.
* * * LOW HITPOINT WARNING * * *
You feel sick. The rat bites you.
You die...

.##.?...## .........##
..........# ..........#
......!...# ##
..........########### #.
.......S..##........# #.
......r@..##........# #.
.........###........# #.
........####........###.
.#......................
.....##.............###.
####. ####.........<###.
. ##............. ..
#..........### ..
#..........###


You could see an adder and a rat.

Vanquished Creatures
  A worker ant (D:2)
  2 adders (D:3)
  A worm (D:2)
  4 dart slugs
  2 leopard geckos
  2 orcs (D:2)
  2 giant cockroaches
  4 goblins
  7 hobgoblins
  A quokka (D:2)
  7 bats
  5 frilled lizards
  4 kobolds
  12 rats (D:2)
54 creatures vanquished.

Notes
Turn   | Place    | Note
-------+----------+-------------------------------------------
     0 | D:1      | gruber the Minotaur Fighter began the quest for the Orb.
     0 | D:1      | Reached XP level 1. HP: 19/19 MP: 0/0
   140 | D:1      | Reached skill level 4 in Armour
   383 | D:1      | Reached XP level 2. HP: 20/26 MP: 1/1
   765 | D:2      | Reached skill level 5 in Armour
   780 | D:2      | Reached XP level 3. HP: 24/31 MP: 2/2
  1424 | D:2      | Reached skill level 6 in Armour
  1424 | D:2      | Reached XP level 4. HP: 39/39 MP: 3/3
  2145 | D:3      | Found a sparkling altar of Nemelex Xobeh.
  2228 | D:3      | Gained mutation: You are covered in fur. (AC +1) [potion of
                  | mutation]
  2228 | D:3      | Gained mutation: Your muscles are strong. (Str +2) [potion
                  | of mutation]
  2228 | D:3      | Gained mutation: Your mind is acute. (Int +2) [potion of
                  | mutation]
  2228 | D:3      | Slain by a rat

Illustrated notes

Levels and vault maps discovered:
D:1:      nzn_arrival_settlement, layout_basic
D:2:      minmay_recursive_quarters, layout_basic, minmay_rat_gold_closets
D:3:      layout_rooms, nemelex_xobeh_ov_fountains_minmay

Skill      XL: |  1  2  3 |
---------------+----------+-----
Armour         | 4 5 6 |  6.5
Fighting       | |  3.6
Maces & Flails | |  2.4
Shields        | |  3.6

Action                   |  1- 3 |  4- 6 || total
-------------------------+-------+-------++-------
Melee: Flail             |   111 |    50 ||   161
       Headbutt          |    15 |     6 ||    21
  Use: Potion            |       |     1 ||     1
  Eat: Chunk             |     2 |     2 ||     4
Armor: Scale mail        |    71 |    24 ||    95
Dodge: Dodged            |    32 |    24 ||    56
Block: Kite shield       |    72 |    34 ||   106
